 Dungeon Crawl Stone Soup version 0.31.0-1-g2c135a0 (webtiles) character file.

Game seed: 16258735087930435683

49 mezmerelda the Trooper (level 3, 0/33 HPs)
             Began as a Hill Orc Fighter on Mar 13, 2024.
             Slain by a gnoll
             ... wielding a +0 flail
              (11 damage)
             ... on level 2 of the Dungeon.
             The game lasted 00:02:24 (539 turns).

mezmerelda the Trooper (Hill Orc Fighter)            Turns: 539, Time: 00:02:25

Health: 0/33       AC:  7    Str: 20    XL:     3   Next: 75%
Magic:  3/3        EV:  9    Int:  8    God:
Gold:   84         SH:  4    Dex: 10    Spells: 2/2 levels left

rFire   . . .        a - +0 war axe
rCold   . . .        c - +0 buckler
rNeg    . . .        b - +0 scale mail
rPois   .            (no helmet)
rElec   .            (no cloak)
rCorr   .            (no gloves)
SInv    .            (no boots)
Will    .....        (no amulet) Stlth
                     (no ring)
HPRegen 0.25/turn    (no ring)
MPRegen 0.08/turn

%: no passive effects
@: no status effects
A: no striking features
a: no special abilities


You were on level 2 of the Dungeon.
You visited 1 branch of the dungeon, and saw 2 of its levels.

You collected 84 gold pieces.

Inventory:

Hand Weapons
 a - a +0 war axe (weapon)
Armour
 b - a +0 scale mail (worn)
 c - a +0 buckler (worn)
Scrolls
 f - a scroll of fog {unknown}
 g - a scroll of vulnerability {unknown}
Potions
 d - a potion of might
 e - 2 potions of degeneration {unknown}
 h - a potion of magic {unknown}


   Skills:
 + Level 4.1 Fighting
 + Level 3.5 Axes
 + Level 3.8 Armour
 + Level 3.7 Shields


You had 2 spell levels left.
You didn't know any spells.
Your spell library was empty.

Dungeon Overview and Level Annotations

Branches:
Dungeon (2/15)

Altars:


Message History

The gnoll enters a dispersal trap!
The gnoll blinks! x3; The bat blinks!
The gnoll blinks!
You blink.
The gnoll attacks as it pursues you!
The gnoll hits you from afar with a +0 spear.
The gnoll hits you from afar with a +0 spear.
The gnoll attacks as it pursues you!
The gnoll hits you from afar with a +0 spear.
You see here a maw talisman.
The gnoll hits you but does no damage. The bat attacks as it pursues you!
The bat hits you but does no damage. The bat barely misses you.
The bat barely misses you. You block the bat's attack.
You closely miss the bat. The bat barely misses you.
You hit the bat.
You kill the bat!
You block the gnoll's attack. The gnoll barely misses you.
The gnoll hits you with a +0 spear.
You completely miss the gnoll. You block the gnoll's attack.
You completely miss the gnoll. The gnoll hits you with a +0 spear.
You slash the gnoll!
The gnoll is heavily wounded.
The gnoll hits you with a +0 spear. The gnoll barely misses you.
You slash the gnoll!
You kill the gnoll!
You slash the gnoll!
The gnoll is heavily wounded.
The gnoll barely misses you.
You slash the gnoll!
You kill the gnoll!
The gnoll hits you with a +0 flail!
You are too injured to fight recklessly!
You are too injured to fight recklessly!
You hit the gnoll.
The gnoll is heavily wounded.
The gnoll hits you with a +0 flail.
You closely miss the gnoll.
The gnoll is heavily wounded.
The gnoll hits you with a +0 flail. The gnoll hits you with a +0 flail!
You die...

####### ##.....## #.~.....#
##.......## #~~♣....###
#.........# #.~~....$....
#.........# #~~~.........
#.........# .~..........
#.........# #....<......
#.........###########.....#.....
#...........(..@gg..%...........
#.........##########............
#.........# #####............
#.........# ##................
#.[.......# #......†#....###..
##.......### ..###..##.##.###..
##.....##.. . #..†..........
##.###..... #.............
####........# #..#.....>§..#.


You could see 2 gnolls.

Vanquished Creatures
  2 gnolls (D:2)
  2 ribbon worms (D:2)
  2 dart slugs
  2 endoplasms (D:1)
  A giant cockroach (D:2)
  2 goblins (D:1)
  A hobgoblin (D:2)
  A quokka (D:1)
  2 ball pythons
  A bat (D:2)
  A frilled lizard (D:1)
  4 kobolds
  A rat (D:2)
22 creatures vanquished.

Notes
Turn   | Place    | Note
-------+----------+-------------------------------------------
     0 | D:1      | mezmerelda the Hill Orc Fighter began the quest for the
                  | Orb.
     0 | D:1      | Reached XP level 1. HP: 19/19 MP: 1/1
   182 | D:1      | Reached XP level 2. HP: 27/27 MP: 2/2
   429 | D:2      | Reached skill level 4 in Fighting
   487 | D:2      | Reached XP level 3. HP: 27/33 MP: 3/3
   539 | D:2      | Slain by a gnoll

Illustrated notes

Levels and vault maps discovered:
D:1:      sevenhm_arrival_forest_fort_large_3, layout_basic
D:2:      layout_rooms, serial_bayou_pond_e

Skill      XL: |  1  2 |
---------------+-------+-----
Axes           | 3 |  3.5
Fighting       | 4 |  4.1
Armour         | |  3.8
Shields        | |  3.7

Action                     || total
---------------------------++-------
  Melee: War axe           ||    53
 Armour: Scale mail        ||    46
  Dodge: Dodged            ||    24
  Block: Buckler           ||    16
